Map: Bel'Shir Vestige LE (Void)

Players

Fimp

  • Race: Terran Terran
  • Spawn Location: 5:00

Loken - Winner!

  • Race: Protoss Protoss
  • League: Platinum
  • Spawn Location: 11:00

VOD

Have the link to the VOD?

Description

Time

  • Played on: April 9, 2017, 3:29 p.m.
  • Length: 12:30
Show
View Real Time Build Order
Export as new Build Order

Fimp Terran 

Build Orders: MMM Bio 

Get SALT Encoding   

  12  0:01  SCV  
  13  0:13  SCV  
  14  0:18  Supply Depot  
  14  0:26  SCV  
  15  0:39  SCV  
  15  0:40  Barracks  
  16  0:46  Refinery  
  16  0:51  SCV  
  17  1:04  SCV  
  18  1:19  SCV  
  19  1:28  Supply Depot  
  19  1:29  Marine  
  19  1:32  Orbital Command  
  20  1:48  Barracks Reactor  
  20  1:59  SCV  
  21  2:01  Command Center  
  21  2:11  SCV  
  21  2:15  Factory  
  22  2:24  SCV  
  22  2:26  Marine x2  
  25  2:36  Barracks  
  25  2:39  Refinery  
  25  2:41  SCV  
  25  2:44  Marine x2  
  28  2:53  SCV  
  29  3:00  Starport  
  29  3:08  SCV  
  29  3:09  Factory Reactor  
  29  3:12  Marine  
  30  3:13  Marine  
  30  3:19  Supply Depot  
  32  3:21  Supply Depot  
  32  3:26  Barracks Tech Lab  
  32  3:31  Engineering Bay  
  32  3:32  SCV  
  32  3:33  Marine  
  34  3:45  Stimpack  
  34  3:52  Orbital Command  
  34  3:57  Marauder  
  34  3:59  SCV  
  37  4:10  Marine x2, Factory Reactor  
  37  4:12  Medivac  
  37  4:13  SCV  
  42  4:24  Marauder  
  42  4:27  SCV x2  
  46  4:33  Medivac  
  46  4:35  Marine x2  
  50  4:39  Supply Depot  
  50  4:46  Marauder  
  50  4:50  Missile Turret  
  52  4:53  Missile Turret  
  52  4:59  SCV x2, Missile Turret  
  54  5:00  Widow Mine, Marine x2  
  54  5:01  Widow Mine  
  60  5:22  Marauder, Marine x2  
  60  5:23  SCV x2  
  66  5:29  Refinery  
  66  5:31  Widow Mine x2  
  70  5:44  Supply Depot  
  70  5:47  Supply Depot  
  70  5:48  Liberator  
  70  5:51  Terran Infantry Weapons Level 1  
  70  5:59  Refinery  
  70  6:03  SCV  
  70  6:05  Marine x2  
  70  6:06  Marauder, SCV  
  61  6:15  Widow Mine x2  
  65  6:22  SCV  
  65  6:23  SCV  
  67  6:27  Marauder  
  67  6:29  Marine x2  
  67  6:31  Medivac  
  71  6:36  Combat Shields, Supply Depot  
  71  6:37  Command Center  
  71  6:38  SCV x2  
  73  6:43  Armory  
  73  6:47  Widow Mine x2, Missile Turret  
  73  6:53  SCV x2  
  78  6:59  Marine  
  78  7:00  Marine  
  78  7:01  Marauder  
  82  7:04  Viking  
  82  7:07  SCV x2  
  86  7:31  SCV x2  
  86  7:33  Marauder, Marine x2  
  86  7:35  Widow Mine  
  94  7:41  Supply Depot  
  94  7:43  Supply Depot  
  94  7:48  Widow Mine  
  94  7:49  Viking x2, SCV x2  
  94  7:51  Planetary Fortress  
  96  8:23  Marauder  
  96  8:24  Marine x2  
  96  8:25  Widow Mine x2  
  104  8:28  Viking x2  
  104  8:29  Terran Infantry Weapons Level 2  
  104  8:33  SCV x2  
  110  8:36  SCV  
  111  8:43  Marine  
  111  8:44  Marine  
  108  8:53  Marauder  
  108  8:54  Barracks  
  108  8:55  Barracks  
  110  9:06  Medivac x2  
  110  9:07  Widow Mine x2  
  110  9:08  Marine x2  
  110  9:37  Marauder  
  97  9:38  Marine x2  
  67  9:53  Liberator x2  
  67  9:55  Widow Mine x2  
  67  9:56  Marine x2  
  67  9:58  Marauder  
  58  10:14  Marine x2  
  54  10:33  Marine x2  
  58  10:35  Marauder  
  58  10:38  Cyclone x2  
  53  10:51  SCV x2, Marine x2  
  53  10:53  Barracks Reactor  
  53  10:55  Barracks Reactor  
  52  11:07  Marine  
  45  11:24  Liberator  
  42  11:25  Marine  
  42  11:34  Marine x4  
  42  11:38  Cyclone x2  
  49  11:43  SCV x2, Marine  
  55  11:48  Barracks  
  55  11:51  Barracks  
  55  11:52  Marine x4  
  51  11:55  SCV  
  51  12:01  Marine  
  37  12:10  Marine  
Show
View Real Time Build Order
Export as new Build Order

Loken Protoss - Winner!

Build Orders: 1 Gate Expand, Double Forge 

Get SALT Encoding   

  12  0:02  Probe (Chrono Boost)  
  13  0:12  Probe (Chrono Boost)  
  14  0:23  Pylon, Probe (Chrono Boost)  
  15  0:41  Probe (Chrono Boost)  
  15  0:42  Gateway  
  16  0:52  Probe (Chrono Boost)  
  17  1:02  Probe (Chrono Boost)  
  18  1:07  Assimilator  
  18  1:13  Probe (Chrono Boost)  
  19  1:30  Nexus  
  19  1:35  Probe (Chrono Boost)  
  19  1:38  Cybernetics Core  
  20  1:46  Probe (Chrono Boost)  
  21  1:48  Pylon  
  21  1:52  Assimilator  
  21  1:56  Probe (Chrono Boost)  
  22  2:07  Probe (Chrono Boost)  
  23  2:22  Mothership Core (Chrono Boost)  
  25  2:33  Stalker  
  27  2:40  Probe (Chrono Boost)  
  28  2:51  Probe (Chrono Boost)  
  29  2:52  Robotics Facility  
  29  2:56  Pylon  
  29  3:00  Warp Gate  
  29  3:01  Probe (Chrono Boost)  
  29  3:02  Probe (Chrono Boost)  
  31  3:10  Stalker  
  34  3:13  Probe (Chrono Boost)  
  34  3:15  Probe (Chrono Boost)  
  35  3:23  Gateway, Probe (Chrono Boost)  
  35  3:25  Probe (Chrono Boost)  
  35  3:26  Gateway  
  37  3:31  Gateway  
  37  3:34  Probe (Chrono Boost)  
  38  3:36  Probe (Chrono Boost)  
  39  3:42  Stalker  
  39  3:45  Probe (Chrono Boost)  
  42  3:52  Assimilator  
  42  3:55  Probe (Chrono Boost)  
  43  3:56  Probe (Chrono Boost)  
  43  3:59  Observer  
  45  4:06  Probe x2 (Chrono Boost)  
  45  4:09  Assimilator  
  47  4:12  Pylon  
  47  4:16  Probe (Chrono Boost)  
  49  4:17  Pylon, Probe (Chrono Boost)  
  48  4:27  Probe (Chrono Boost)  
  48  4:28  Stalker x2  
  48  4:30  Stalker  
  55  4:35  Pylon  
  55  4:38  Probe (Chrono Boost)  
  56  4:46  Forge  
  56  4:49  Forge, Probe (Chrono Boost)  
  57  4:58  Observer  
  58  5:00  Probe (Chrono Boost)  
  59  5:12  Zealot x4  
  67  5:15  Probe (Chrono Boost)  
  67  5:16  Probe (Chrono Boost)  
  67  5:19  Protoss Ground Weapons Level 1  
  69  5:25  Probe (Chrono Boost)  
  69  5:27  Probe (Chrono Boost)  
  71  5:36  Zealot x3  
  71  5:42  Pylon x2  
  77  5:44  Pylon  
  77  5:46  Pylon  
  68  6:15  Zealot x4  
  76  6:43  Protoss Ground Armor Level 1, Probe (Chrono Boost)  
  77  6:48  Twilight Council  
  77  6:49  Pylon  
  77  6:52  Observer  
  78  6:57  Stalker x2  
  78  6:58  Stalker x2  
  86  7:09  Gateway x2  
  86  7:11  Gateway  
  86  7:13  Gateway  
  86  7:15  Gateway  
  86  7:16  Gateway, Nexus  
  86  7:28  Photon Cannon  
  86  7:29  Photon Cannon  
  86  7:32  Photon Cannon  
  86  7:41  Protoss Ground Weapons Level 2  
  86  7:43  Charge  
  86  7:53  Templar Archives  
  82  8:09  Probe (Chrono Boost)  
  71  8:19  Probe (Chrono Boost)  
  71  8:25  Probe (Chrono Boost)  
  72  8:30  Pylon, Probe (Chrono Boost)  
  73  8:36  Probe (Chrono Boost)  
  73  8:40  Probe (Chrono Boost)  
  75  8:46  Probe (Chrono Boost)  
  75  8:52  Photon Cannon  
  75  8:54  Photon Cannon  
  75  8:57  Probe (Chrono Boost)  
  75  8:59  Psionic Storm  
  76  9:07  Probe (Chrono Boost)  
  77  9:14  Zealot x3  
  77  9:15  Zealot x6  
  77  9:16  Zealot  
  96  9:22  Probe (Chrono Boost)  
  97  9:26  Blink  
  91  9:33  Probe (Chrono Boost)  
  90  9:40  High Templar x3  
  90  9:41  High Templar x6  
  90  9:43  Probe (Chrono Boost)  
  93  9:49  Archon  
  93  9:50  Archon x3  
  66  11:00  Stalker  
  66  11:01  Stalker x5  
  66  11:02  Stalker x4  
  68  11:33  Probe x2 (Chrono Boost)  
  68  11:34  Probe (Chrono Boost)  
  71  11:44  Probe x3 (Chrono Boost)  
  72  11:54  Probe (Chrono Boost)  
  72  11:55  Probe x2 (Chrono Boost)  
  75  12:05  Probe (Chrono Boost)  
  76  12:11  Zealot  
  76  12:12  Zealot x6  
  76  12:13  Zealot x3  
Tags
 
Add a new tag
Caveats
  • Supply blocks, unpowered buildings, or Contaminate may cause inaccurate times.
  • Supply counts are checked every 10 seconds.